APP
OAKLAND (APP) ATHLETICS @ TEXAS (APP) RANGERS
09/06/2046
 
TOP OF THE 1ST
Oakland (APP) Athletics batting - Pitching for Texas (APP) Rangers : RHP Sebastian Fisk
Pitching: RHP Sebastian Fisk
Batting: LHB Tomas Segarra 0-0: Foul Ball, location: 2F
0-1: Foul Ball, location: 2F
0-2: Ball
1-2: Ball
2-2: Fly out, F8 (Line Drive, 8LD, EV 91.2 MPH)
Batting: RHB Matt Sherard 0-0: Ball
1-0: DOUBLE (Line Drive, 9LM, EV 97.5 MPH)
Batting: SHB D.J. Codd 0-0: Called Strike
0-1: Ball
1-1: Called Strike
1-2: Ball
2-2: Ball
3-2: Strikes out swinging
Batting: RHB Scott Wiggs 0-0: Ball
1-0: Ball
2-0: Called Strike
2-1: Foul Ball, location: 2F
2-2: Hit by Pitch
Batting: LHB Nick Pacheco 0-0: Called Strike
0-1: Fly out, F8 (Flyball, 8RM, EV 85.6 MPH)
Top of the 1st over - 0 runs, 1 hit, 0 errors, 2 left on base; Oakland (APP) 0 - Texas (APP) 0
BOTTOM OF THE 1ST
Texas (APP) Rangers batting - Pitching for Oakland (APP) Athletics : LHP Kalaida Steedman
Pitching: LHP Kalaida Steedman
Batting: SHB Tim Rogers 0-0: Called Strike
0-1: Ball
1-1: Ball
2-1: Ground out 4-3 (Groundball, 4, EV 78.1 MPH)
Batting: RHB Sal Cervantes 0-0: Ball
1-0: Called Strike
1-1: Ball
2-1: Ball
3-1: Base on Balls
Batting: RHB Bryan Wheeler 0-0: Ball
Sal Cervantes steals 2nd base
1-0: SINGLE (Popup, 6MD, EV 70.6 MPH)
Sal Cervantes to third
Batting: RHB Shawn Weber 0-0: Ball
1-0: Foul Ball, location: 2F
1-1: Swinging Strike
1-2: Ball
2-2: Strikes out looking
Batting: RHB Luis Solorzano 0-0: Ground out 4-3 (Groundball, 34S, EV 88.8 MPH)
Bottom of the 1st over - 0 runs, 1 hit, 0 errors, 2 left on base; Oakland (APP) 0 - Texas (APP) 0
TOP OF THE 2ND
Oakland (APP) Athletics batting - Pitching for Texas (APP) Rangers : RHP Sebastian Fisk
Batting: RHB Moses Brokken 0-0: Called Strike
0-1: Ball
1-1: Called Strike
1-2: Ball
2-2: SOLO HOME RUN (Flyball, 7D, EV 95.0 MPH), Distance : 373 ft
Batting: RHB Shannon Beck 0-0: Called Strike
0-1: Ball
1-1: Foul Ball, location: 2F
1-2: SOLO HOME RUN (Flyball, 7D, EV 95.0 MPH), Distance : 375 ft
Batting: RHB Zack DiCicco 0-0: Ball
1-0: Foul Ball, location: 2F
1-1: Fly out, F8 (Line Drive, 8LM, EV 85.0 MPH)
Batting: RHB Tetsuya Shinoda 0-0: Ball
1-0: Ground out 6-3 (Groundball, 6M, EV 99.4 MPH)
Batting: LHB Tomas Segarra 0-0: Foul Ball, location: 2F
0-1: Ball
1-1: Ball
2-1: Ball
3-1: Base on Balls
Batting: RHB Matt Sherard 0-0: Called Strike
0-1: Called Strike
0-2: Ball
1-2: Ball
2-2: Ball
3-2: Base on Balls
Tomas Segarra to second
Batting: SHB D.J. Codd 0-0: 3-RUN HOME RUN (Flyball, 9D, EV 95.6 MPH), Distance : 353 ft
Batting: RHB Scott Wiggs 0-0: Ball
1-0: Ball
2-0: Foul Ball, location: 2F
2-1: Hit by Pitch
Batting: LHB Nick Pacheco 0-0: Ball
Scott Wiggs steals 2nd base
Balk!
Scott Wiggs to third
1-0: Ball
2-0: Ball
3-0: Base on Balls
Batting: RHB Moses Brokken 0-0: Foul Ball, location: 2F
0-1: Foul Ball, location: 2F
0-2: Ball
1-2: Foul Ball, location: 2F
1-2: Ball
2-2: Ball
3-2: Foul Ball, location: 2F
3-2: Foul Ball, location: 2F
3-2: Base on Balls
Nick Pacheco to second
Batting: RHB Shannon Beck 0-0: Ball
1-0: Foul Ball, location: 2F
1-1: Ball
2-1: Ball
Wild Pitch!
Scott Wiggs scores
Nick Pacheco to third
Moses Brokken to second
3-1: Foul Ball, location: 2F
3-2: Base on Balls
Batting: RHB Zack DiCicco 0-0: Ball
1-0: Foul Ball, location: 2F
1-1: Ball
2-1: Foul Ball, location: 2F
2-2: GRAND SLAM HOME RUN (Flyball, 78XD, EV 102.5 MPH), Distance : 405 ft
Pitching: RHP Mike Warren
Batting: RHB Tetsuya Shinoda 0-0: Swinging Strike
0-1: Ball
1-1: Ground out U3 (Groundball, 34S, EV 93.1 MPH)
Top of the 2nd over - 10 runs, 4 hits, 0 errors, 0 left on base; Oakland (APP) 10 - Texas (APP) 0
BOTTOM OF THE 2ND
Texas (APP) Rangers batting - Pitching for Oakland (APP) Athletics : LHP Kalaida Steedman
Batting: SHB Albert Ortiz 0-0: Ball
1-0: Called Strike
1-1: Ball
2-1: Foul Ball, location: 2F
2-2: Strikes out swinging
Batting: RHB Kelly Cole 0-0: SINGLE (Groundball, 56S, EV 69.4 MPH) (infield hit)
Batting: RHB Ferdi Schipper 0-0: Foul Ball, location: 2F
0-1: Ball
1-1: Called Strike
Kelly Cole steals 2nd, throwing error, E2
Kelly Cole to third
1-2: Ball
2-2: Ball
3-2: Base on Balls
Batting: LHB Jose Cepero 0-0: Called Strike
Ferdi Schipper steals 2nd base
0-1: Foul Ball, location: 2F
0-2: Ball
1-2: Ball
2-2: Strikes out swinging
Batting: SHB Tim Rogers 0-0: Called Strike
0-1: Ground out 5-3 (Groundball, 5S, EV 82.5 MPH)
Bottom of the 2nd over - 0 runs, 1 hit, 1 error, 2 left on base; Oakland (APP) 10 - Texas (APP) 0
TOP OF THE 3RD
Oakland (APP) Athletics batting - Pitching for Texas (APP) Rangers : RHP Mike Warren
Batting: LHB Tomas Segarra 0-0: Ball
1-0: Called Strike
1-1: Called Strike
1-2: Foul Ball, location: 2F
1-2: Ball
2-2: Foul Ball, location: 2F
2-2: Strikes out swinging
Batting: RHB Matt Sherard 0-0: Foul Ball, location: 2F
0-1: Foul Ball, location: 2F
0-2: Ground out 5-3 (Groundball, 56S, EV 86.9 MPH)
Batting: SHB D.J. Codd 0-0: Called Strike
0-1: Ball
1-1: Ball
2-1: Ball
3-1: Called Strike
3-2: Ground out 4-3 (Groundball, 4, EV 108.8 MPH)
Top of the 3rd over - 0 runs, 0 hits, 0 errors, 0 left on base; Oakland (APP) 10 - Texas (APP) 0
BOTTOM OF THE 3RD
Texas (APP) Rangers batting - Pitching for Oakland (APP) Athletics : LHP Kalaida Steedman
Batting: RHB Sal Cervantes 0-0: Called Strike
0-1: Swinging Strike
0-2: Foul Ball, location: 2F
0-2: Strikes out looking
Batting: RHB Bryan Wheeler 0-0: Swinging Strike
0-1: Called Strike
0-2: Ball
1-2: Strikes out swinging
Batting: RHB Shawn Weber 0-0: Ball
1-0: Called Strike
1-1: Ball
2-1: Foul Ball, location: 2F
2-2: Strikes out looking
Bottom of the 3rd over - 0 runs, 0 hits, 0 errors, 0 left on base; Oakland (APP) 10 - Texas (APP) 0
TOP OF THE 4TH
Oakland (APP) Athletics batting - Pitching for Texas (APP) Rangers : RHP Mike Warren
Pitching: LHP Alex Boites
Batting: RHB Scott Wiggs 0-0: Called Strike
0-1: SINGLE (Flyball, 8RS, EV 94.4 MPH)
Batting: LHB Nick Pacheco 0-0: Ball
1-0: Foul Ball, location: 2F
1-1: Swinging Strike
1-2: Strikes out swinging
Batting: RHB Moses Brokken 0-0: Ball
1-0: DOUBLE (Groundball, 5L, EV 97.5 MPH)
Scott Wiggs to third
Runner from 3rd tries for Home, SAFE, no throw by LF
Batting: RHB Shannon Beck 0-0: Ball
1-0: Ball
2-0: Called Strike
2-1: 2-RUN HOME RUN (Flyball, 78XD, EV 113.8 MPH), Distance : 422 ft
Batting: RHB Zack DiCicco 0-0: Ball
1-0: Ball
2-0: Ball
3-0: Called Strike
3-1: Foul Ball, location: 2F
3-2: Foul Ball, location: 2F
3-2: Base on Balls
Pitching: LHP Tomoya Hashimoto
Batting: RHB Tetsuya Shinoda 0-0: SINGLE (Groundball, 6MD, EV 103.8 MPH)
Zack DiCicco to second
Throwing error, E8
Zack DiCicco scores
Tetsuya Shinoda to second
Batting: LHB Tomas Segarra 0-0: Called Strike
0-1: Reached on error, E4 (Groundball, 4, EV 82.5 MPH)
Tetsuya Shinoda to third
Batting: RHB Matt Sherard 0-0: Ball
1-0: Called Strike
1-1: Fielders Choice at 2nd, 3-6 (Groundball, 34, EV 103.8 MPH)
Tetsuya Shinoda scores
Batting: SHB D.J. Codd 0-0: Ball
1-0: Ball
2-0: Ball
3-0: Base on Balls
Matt Sherard to second
Batting: RHB Scott Wiggs 0-0: 3-RUN HOME RUN (Flyball, 7LD, EV 94.4 MPH), Distance : 338 ft
Batting: LHB Nick Pacheco 0-0: Ball
1-0: Foul Ball, location: 2F
1-1: Foul Ball, location: 2F
1-2: Ball
2-2: Ball
3-2: SINGLE (Groundball, 34D, EV 110.0 MPH)
Batting: RHB Moses Brokken 0-0: Ball
1-0: Ball
Wild Pitch!
Nick Pacheco to second
2-0: Ball
Balk!
Nick Pacheco to third
3-0: Called Strike
3-1: Base on Balls
Pitching: RHP Brad Sanchez
Batting: RHB Shannon Beck 0-0: Ball
1-0: Ball
2-0: Ball
3-0: Called Strike
3-1: Called Strike
3-2: Foul Ball, location: 2F
3-2: Foul Ball, location: 2F
3-2: Base on Balls
Moses Brokken to second
Batting: RHB Zack DiCicco 0-0: Ball
1-0: Called Strike
1-1: Swinging Strike
Passed Ball!
Nick Pacheco scores
Moses Brokken to third
Shannon Beck to second
1-2: SINGLE (Groundball, 4MD, EV 105.6 MPH)
Moses Brokken scores
Shannon Beck to third
Runner from 3rd tries for Home, SAFE, throw by CF to home
Batting: RHB Tetsuya Shinoda 0-0: DOUBLE (Flyball, 78XD, EV 101.2 MPH)
Zack DiCicco to third
Runner from 3rd tries for Home, SAFE, throw by CF to trailing runner, OUT at third! 8-3-5
Top of the 4th over - 12 runs, 8 hits, 2 errors, 0 left on base; Oakland (APP) 22 - Texas (APP) 0
BOTTOM OF THE 4TH
Texas (APP) Rangers batting - Pitching for Oakland (APP) Athletics : LHP Kalaida Steedman
Batting: RHB Luis Solorzano 0-0: Foul Ball, location: 2F
0-1: Called Strike
0-2: Ball
1-2: Strikes out swinging
Batting: SHB Albert Ortiz 0-0: Ball
1-0: Ball
2-0: Called Strike
2-1: Swinging Strike
2-2: Strikes out swinging
Batting: RHB Kelly Cole 0-0: Ball
1-0: Foul Ball, location: 2F
1-1: Ball
2-1: Ball
3-1: Base on Balls
Batting: RHB Ferdi Schipper 0-0: DOUBLE (Line Drive, 7LD, EV 104.4 MPH)
Kelly Cole to third
Runner from 3rd tries for Home, SAFE, no throw by LF
Batting: LHB Jose Cepero 0-0: Ball
1-0: Ball
2-0: Ball
Wild Pitch!
Ferdi Schipper to third
3-0: Called Strike
3-1: Foul Ball, location: 2F
3-2: Strikes out swinging
Bottom of the 4th over - 1 run, 1 hit, 0 errors, 1 left on base; Oakland (APP) 22 - Texas (APP) 1
TOP OF THE 5TH
Oakland (APP) Athletics batting - Pitching for Texas (APP) Rangers : RHP Brad Sanchez
Batting: LHB Tomas Segarra 0-0: Called Strike
0-1: Foul Ball, location: 2F
0-2: Ball
1-2: Fly out, F9 (Flyball, 9S, EV 74.4 MPH)
Batting: RHB Matt Sherard 0-0: Called Strike
0-1: Swinging Strike
0-2: DOUBLE (Line Drive, 7LM, EV 112.5 MPH)
Pitching: RHP Bobby Scott
Batting: SHB D.J. Codd 0-0: Called Strike
0-1: Ball
1-1: Foul Ball, location: 2F
1-2: Ball
2-2: Foul Ball, location: 2F
2-2: Strikes out looking
Batting: RHB Scott Wiggs 0-0: Ball
1-0: Ball
2-0: Called Strike
2-1: Swinging Strike
2-2: Strikes out looking
Top of the 5th over - 0 runs, 1 hit, 0 errors, 1 left on base; Oakland (APP) 22 - Texas (APP) 1
BOTTOM OF THE 5TH
Texas (APP) Rangers batting - Pitching for Oakland (APP) Athletics : LHP Kalaida Steedman
Batting: SHB Tim Rogers 0-0: Ball
1-0: Ball
2-0: Foul Ball, location: 2F
2-1: Foul Ball, location: 2F
2-2: Strikes out swinging
Batting: RHB Sal Cervantes 0-0: Called Strike
0-1: Ground out 5-3 (Groundball, 5S, EV 88.8 MPH)
Batting: RHB Bryan Wheeler 0-0: Ball
1-0: Swinging Strike
1-1: Swinging Strike
1-2: Foul Ball, location: 2F
1-2: Foul Ball, location: 2F
1-2: Strikes out looking
Bottom of the 5th over - 0 runs, 0 hits, 0 errors, 0 left on base; Oakland (APP) 22 - Texas (APP) 1
TOP OF THE 6TH
Oakland (APP) Athletics batting - Pitching for Texas (APP) Rangers : RHP Bobby Scott
Batting: LHB Nick Pacheco 0-0: Foul Ball, location: 2F
0-1: Called Strike
0-2: Ball
1-2: Ball
2-2: Strikes out swinging
Batting: RHB Moses Brokken 0-0: Ball
1-0: Called Strike
1-1: Called Strike
1-2: Strikes out swinging
Batting: RHB Shannon Beck 0-0: Called Strike
0-1: Ball
1-1: Ball
2-1: Ball
3-1: Base on Balls
Batting: RHB Zack DiCicco 0-0: Swinging Strike
0-1: Ball
1-1: Called Strike
1-2: Ball
2-2: Ball
3-2: 2-RUN HOME RUN (Flyball, 78XD, EV 103.8 MPH), Distance : 408 ft
Batting: RHB Tetsuya Shinoda 0-0: Called Strike
0-1: Ball
1-1: Swinging Strike
1-2: Ball
2-2: Ball
3-2: Strikes out swinging
Top of the 6th over - 2 runs, 1 hit, 0 errors, 0 left on base; Oakland (APP) 24 - Texas (APP) 1
BOTTOM OF THE 6TH
Texas (APP) Rangers batting - Pitching for Oakland (APP) Athletics : LHP Kalaida Steedman
Batting: RHB Shawn Weber 0-0: SINGLE (Line Drive, 89S, EV 98.1 MPH)
Batting: RHB Luis Solorzano 0-0: Foul Ball, location: 2F
0-1: Ball
1-1: SINGLE (Groundball, 34D, EV 111.2 MPH)
Shawn Weber to second
Runner from 2nd tries for 3rd, SAFE, throw by RF made to third
Batting: SHB Albert Ortiz 0-0: Ball
1-0: Called Strike
1-1: Ball
2-1: Ball
3-1: Grounds into double play, 6-4-3 (Groundball, 6M, EV 101.9 MPH)
Shawn Weber scores
Batting: RHB Kelly Cole 0-0: Foul Ball, location: 2F
0-1: Called Strike
0-2: SINGLE (Groundball, 34D, EV 102.5 MPH)
Batting: RHB Ferdi Schipper 0-0: Foul Ball, location: 2F
0-1: Ball
1-1: Ball
2-1: Foul Ball, location: 2F
2-2: Foul Ball, location: 2F
2-2: Ball
3-2: DOUBLE (Flyball, 89XD, EV 96.9 MPH)
Kelly Cole to third
Kelly Cole scores
Batting: LHB Jose Cepero 0-0: Ball
1-0: Swinging Strike
1-1: Fly out, F8 (Flyball, 8LD, EV 100.0 MPH)
Bottom of the 6th over - 2 runs, 4 hits, 0 errors, 1 left on base; Oakland (APP) 24 - Texas (APP) 3
TOP OF THE 7TH
Oakland (APP) Athletics batting - Pitching for Texas (APP) Rangers : RHP Bobby Scott
Batting: LHB Tomas Segarra 0-0: Foul Ball, location: 2F
0-1: Ball
1-1: Ground out 6-3 (Groundball, 6D, EV 110.6 MPH)
Batting: RHB Matt Sherard 0-0: Ball
1-0: Foul Ball, location: 2F
1-1: Called Strike
1-2: Fly out, F8 (Flyball, 8RM, EV 91.2 MPH)
Batting: SHB D.J. Codd 0-0: Foul Ball, location: 2F
0-1: Ball
1-1: Swinging Strike
1-2: Foul Ball, location: 2F
1-2: Ball
2-2: Strikes out swinging
Top of the 7th over - 0 runs, 0 hits, 0 errors, 0 left on base; Oakland (APP) 24 - Texas (APP) 3
BOTTOM OF THE 7TH
Texas (APP) Rangers batting - Pitching for Oakland (APP) Athletics : LHP Kalaida Steedman
Batting: SHB Tim Rogers 0-0: Ball
1-0: Ball
2-0: Called Strike
2-1: Ground out U3 (Groundball, 34S, EV 81.9 MPH)
Batting: RHB Sal Cervantes 0-0: Called Strike
0-1: Ground out 5-3 (Groundball, 15, EV 85.0 MPH)
Batting: RHB Bryan Wheeler 0-0: Called Strike
0-1: Swinging Strike
0-2: Foul Ball, location: 2F
0-2: Ball
1-2: Strikes out swinging
Bottom of the 7th over - 0 runs, 0 hits, 0 errors, 0 left on base; Oakland (APP) 24 - Texas (APP) 3
TOP OF THE 8TH
Oakland (APP) Athletics batting - Pitching for Texas (APP) Rangers : RHP Bobby Scott
Batting: RHB Scott Wiggs 0-0: Called Strike
0-1: Ball
1-1: Ball
2-1: Swinging Strike
2-2: Foul Ball, location: 2F
2-2: SINGLE (Line Drive, 4D, EV 104.4 MPH)
Batting: LHB Nick Pacheco 0-0: Foul Ball, location: 2F
0-1: Called Strike
0-2: Foul Ball, location: 2F
0-2: Ball
1-2: Foul Ball, location: 2F
1-2: Foul Ball, location: 2F
1-2: Foul Ball, location: 2F
1-2: Strikes out looking
Pitching: RHP Javy Arias
Batting: RHB Moses Brokken 0-0: Foul Ball, location: 2F
0-1: 2-RUN HOME RUN (Flyball, 89XD, EV 97.5 MPH), Distance : 388 ft
Batting: RHB Shannon Beck 0-0: Ball
1-0: Ball
2-0: Called Strike
2-1: Swinging Strike
2-2: Ball
3-2: Strikes out swinging
Batting: RHB Zack DiCicco 0-0: Ball
1-0: Called Strike
1-1: Ball
2-1: Swinging Strike
2-2: Foul Ball, location: 2F
2-2: Strikes out swinging
Top of the 8th over - 2 runs, 2 hits, 0 errors, 0 left on base; Oakland (APP) 26 - Texas (APP) 3
BOTTOM OF THE 8TH
Texas (APP) Rangers batting - Pitching for Oakland (APP) Athletics : LHP Kalaida Steedman
Pitching: LHP Hector Perdomo
Batting: RHB Shawn Weber 0-0: Foul Ball, location: 2F
0-1: Ball
1-1: Fly out, F9 (Line Drive, 9LM, EV 109.4 MPH)
Batting: RHB Luis Solorzano 0-0: Ball
1-0: Called Strike
1-1: Ball
2-1: Foul Ball, location: 2F
2-2: Foul Ball, location: 2F
2-2: SINGLE (Groundball, 6MD, EV 109.4 MPH)
Batting: SHB Albert Ortiz 0-0: Foul Ball, location: 2F
0-1: Ball
1-1: Foul Ball, location: 2F
1-2: Ball
2-2: Foul Ball, location: 2F
2-2: Foul Ball, location: 2F
2-2: Hit by Pitch
Luis Solorzano to second
Batting: RHB Kelly Cole 0-0: Ball
1-0: Called Strike
1-1: Foul Ball, location: 2F
1-2: Foul Ball, location: 2F
1-2: Strikes out swinging
Batting: RHB Ferdi Schipper 0-0: Fly out, F8 (Flyball, 89S, EV 74.4 MPH)
Bottom of the 8th over - 0 runs, 1 hit, 0 errors, 2 left on base; Oakland (APP) 26 - Texas (APP) 3
TOP OF THE 9TH
Oakland (APP) Athletics batting - Pitching for Texas (APP) Rangers : RHP Javy Arias
Batting: RHB Tetsuya Shinoda 0-0: Swinging Strike
0-1: Called Strike
0-2: Strikes out swinging
Batting: LHB Tomas Segarra 0-0: DOUBLE (Flyball, 9LD, EV 96.9 MPH)
Batting: RHB Matt Sherard 0-0: Ball
Wild Pitch!
Tomas Segarra to third
1-0: Ball
2-0: Ball
3-0: Base on Balls
Batting: SHB D.J. Codd 0-0: Ball
1-0: Swinging Strike
1-1: Ball
2-1: Ball
3-1: Base on Balls
Matt Sherard to second
Pitching: RHP Mike Hickey
Batting: RHB Scott Wiggs 0-0: Ball
1-0: Foul Ball, location: 2F
1-1: GRAND SLAM HOME RUN (Flyball, 78XD, EV 101.2 MPH), Distance : 414 ft
Batting: LHB Nick Pacheco 0-0: Called Strike
0-1: Ball
1-1: Called Strike
1-2: Ball
2-2: Foul Ball, location: 2F
2-2: DOUBLE (Flyball, 78XD, EV 110.0 MPH)
Batting: RHB Moses Brokken 0-0: Ball
1-0: Ball
2-0: Called Strike
2-1: Called Strike
2-2: Fly out, F6 (Popup, 6MS, EV 63.1 MPH)
Batting: RHB Shannon Beck 0-0: Foul Ball, location: 2F
0-1: Swinging Strike
0-2: Ball
1-2: Ball
2-2: Strikes out swinging
Top of the 9th over - 4 runs, 3 hits, 0 errors, 1 left on base; Oakland (APP) 30 - Texas (APP) 3
BOTTOM OF THE 9TH
Texas (APP) Rangers batting - Pitching for Oakland (APP) Athletics : LHP Hector Perdomo
Batting: LHB Jose Cepero 0-0: Ball
1-0: Swinging Strike
1-1: Ground out 3-1 (Groundball, 34, EV 83.8 MPH)
Batting: SHB Tim Rogers 0-0: Ball
1-0: Swinging Strike
1-1: Ball
2-1: Reached on error, E1 (Groundball, 13S, EV 76.2 MPH)
Batting: RHB Sal Cervantes 0-0: Called Strike
0-1: Ground out 5-3 (Groundball, 25, EV 76.2 MPH)
Batting: RHB Bryan Wheeler 0-0: Ball
1-0: Fly out, F7 (Flyball, 78S, EV 88.8 MPH)
Bottom of the 9th over - 0 runs, 0 hits, 1 error, 1 left on base; Oakland (APP) 30 - Texas (APP) 3
Tuesday, September 13th , 2022 - OOTP Baseball 23.7 Build 88